Map: Tourmaline LE

Players

SZNightMare (NightMare) - Winner!

  • Race: Protoss Protoss
  • League: Master
  • Spawn Location: 1:00

ratgameplay (uThermal)

  • Race: Zerg Zerg
  • League: Master
  • Spawn Location: 7:00

VOD

Have the link to the VOD?

Description

Time

  • Played on: Jan. 30, 2026, 7 a.m.
  • Length: 4:49
Show
View Real Time Build Order
Export as new Build Order

SZNightMare Protoss - Winner!

Build Orders:  

Get SALT Encoding   

  12  0:00  Probe  
  13  0:12  Probe  
  14  0:19  Pylon  
  14  0:24  Probe  
  15  0:34  Probe  
  15  0:38  Gateway  
  15  0:42  Probe  
  16  0:47  Assimilator  
  17  0:51  Probe  
  18  1:03  Probe  
  19  1:16  Probe  
  20  1:21  Gateway  
  20  1:25  Cybernetics Core  
  20  1:28  Probe  
  20  1:30  Zealot  
  23  1:38  Pylon  
  23  1:52  Adept  
  23  1:57  Stalker  
  25  2:10  Warp Gate, Shield Battery  
  25  2:11  Shield Battery  
  25  2:14  Shield Battery  
  27  2:17  Shield Battery  
  27  2:22  Stalker  
  27  2:26  Zealot  
  31  2:34  Assimilator  
  31  2:42  Pylon  
  31  2:57  Stalker  
  31  3:02  Stalker  
  35  3:34  Probe  
  36  3:43  Robotics Facility  
  36  3:45  Nexus  
  36  3:46  Probe  
  37  4:01  Pylon  
  37  4:04  Stalker  
  39  4:12  Stalker  
  37  4:24  Observer  
  37  4:30  Shield Battery  
  38  4:32  Stalker  
  38  4:37  Stalker  
  42  4:43  Shield Battery  
Show
View Real Time Build Order
Export as new Build Order

ratgameplay Zerg 

Build Orders: Hatch First 

Get SALT Encoding   

  12  0:00  Drone  
  13  0:13  Overlord  
  13  0:18  Drone  
  14  0:32  Drone x2  
  16  0:49  Hatchery  
  15  0:52  Drone  
  15  0:55  Drone  
  17  1:09  Spawning Pool  
  16  1:12  Drone  
  16  1:16  Drone  
  18  1:20  Extractor  
  18  1:22  Extractor  
  16  1:25  Drone  
  16  1:31  Drone  
  19  1:40  Drone  
  19  1:58  Roach Warren  
  20  2:02  Queen  
  20  2:05  Burrow  
  20  2:11  Overlord  
  20  2:18  Zergling x2  
  20  2:20  Zergling x2  
  22  2:35  Zergling x4  
  26  2:44  Roach  
  26  2:48  Queen  
  28  2:55  Roach  
  28  3:03  Roach  
  29  3:09  Overlord  
  27  3:13  Roach x2  
  27  3:15  Roach  
  28  3:21  Overlord  
  27  3:28  Roach x4  
  27  3:29  Roach  
  27  3:30  Roach  
  35  3:39  Roach x2  
  35  3:40  Roach  
  34  3:44  Overlord  
  34  3:49  Roach x3  
  34  3:57  Roach x2  
  34  3:59  Overlord  
  38  4:09  Roach x6  
  38  4:16  Roach  
  38  4:21  Zergling x2  
Tags
 
Add a new tag
Caveats
  • Supply blocks, unpowered buildings, or Contaminate may cause inaccurate times.
  • Supply counts are checked every 10 seconds.